 Dungeon Crawl Stone Soup version 0.22.1-5-g62c59d9 (webtiles) character file.

217 Fang the Skirmisher (level 5, -2/34 HPs)
             Began as a Gargoyle Berserker on Jan 9, 2019.
             Was a Believer of Trog.
             Slain by a gnoll
             ... wielding a +0 whip
              (6 damage)
             ... on level 4 of the Dungeon.
             The game lasted 00:02:36 (2664 turns).

Fang the Skirmisher (Gargoyle Berserker)            Turns: 2664, Time: 00:02:37

Health: -2/34      AC:  6    Str: 22    XL:     5   Next: 94%
Magic:  5/5        EV: 12    Int:  7    God:    Trog [**....]
Gold:   117        SH:  0    Dex:  9    Spells: 4/4 levels left

rFire    . . .     SeeInvis .   a - +0 hand axe
rCold    . . .     Gourm    .   (no shield)
rNeg     + . .     Faith    .   b - +0 animal skin
rPois    ∞         Spirit   .   (no helmet)
rElec    +         Reflect  .   (no cloak)
rCorr    .         Harm     .   (no gloves)
MR       .....                  (no boots)
Stlth    +.........             (no amulet)
HPRegen  0.11/turn              (no ring)
MPRegen  0.09/turn              (no ring)

@: berserk cooldown, slowed, very slow
A: negative energy resistance 1, electricity resistance, unbreathing,
petrification resistance, rot immunity, AC +4
a: Berserk, Trog's Hand, Renounce Religion


You were on level 4 of the Dungeon.
You worshipped Trog.
Trog was pleased with you.
You were not hungry.

You visited 1 branch of the dungeon, and saw 3 of its levels.

You collected 117 gold pieces.

Inventory:

Hand Weapons
 a - a +0 hand axe (weapon)
Armour
 b - a +0 animal skin (worn)
Scrolls
 d - 2 scrolls of amnesia {unknown}
 e - a scroll of fear {unknown}
 h - a scroll of remove curse {unknown}
 i - a scroll of identify {unknown}
 j - 3 scrolls of teleportation {unknown}
 m - a scroll of immolation {unknown}
Potions
 f - a potion of heal wounds {unknown}
 g - a potion of mutation {unknown}
 l - 2 potions of flight {unknown}
Comestibles
 c - 4 rations
 k - a chunk of flesh


   Skills:
 + Level 4.5 Fighting
 + Level 4.4 Axes
 + Level 2.6 Armour
 + Level 2.4 Dodging
 + Level 0.9 Stealth


You had 4 spell levels left.
You didn't know any spells.
Your spell library was empty.

Dungeon Overview and Level Annotations

Branches:
Dungeon (2/15)

Altars:


Innate Abilities, Weirdness & Mutations

You are resistant to torment.
Your stone body is resilient. (AC +4)
You are immune to poison.
You resist negative energy. (rN+)
You are resistant to electric shocks. (rElec)
You can survive without breathing.
You are immune to petrification.
You are immune to rotting.


Message History

Unknown command.
A gnoll comes into view. It is wielding a halberd.
The giant cockroach bites you but does no damage.
The giant cockroach bites you.
* * * LOW HITPOINT WARNING * * *
The giant cockroach bites you.
* * * LOW HITPOINT WARNING * * *
The giant cockroach bites you.
* * * LOW HITPOINT WARNING * * *
The giant cockroach closely misses you.
The giant cockroach bites you but does no damage.
The gnoll completely misses you. The gnoll barely misses you. x2
The giant cockroach barely misses you.
The giant cockroach bites you but does no damage.
The gnoll hits you but does no damage. The gnoll misses you.
The giant cockroach misses you. The gnoll hits you but does no damage.
The giant cockroach bites you.
* * * LOW HITPOINT WARNING * * *
The gnoll hits you with a whip.
You die...

.........###..#..
.....#......#...
........#......
.....#.......
#..##..#..#
##.....#..#
###..#.g....##
#...@gsg.g...#
#..##..l###.#.####.##
#........###.#........
....##......g.#..#..#
..... ...#####g##.#..#
.### ..#.# #.# .#..#
...#.# #g# ....#
#####.. ##.##...##
...#.###.........


You could see a gnoll shaman, 3 gnolls, a giant cockroach and a frilled lizard.

Vanquished Creatures
  A bullfrog (D:2)
  2 worker ants (D:4)
  5 adders (D:2)
  A shadow imp (D:2)
  A worm (D:2)
  3 dart slugs
  2 orcs (D:4)
  5 bats
  3 giant cockroaches (D:2)
  6 hobgoblins
  2 jackals (D:2)
  5 kobolds
  2 quokkas (D:2)
  3 frilled lizards
  6 goblins
  3 rats (D:2)
50 creatures vanquished.

Notes
Turn   | Place    | Note
-------+----------+-------------------------------------------
     0 | D:1      | Fang the Gargoyle Berserker began the quest for the Orb.
     0 | D:1      | Reached XP level 1. HP: 14/14 MP: 1/1
   314 | D:1      | Reached XP level 2. HP: 3/19 MP: 2/2
   314 | D:1      | HP: 1/20 [bat (1)]
  1034 | D:2      | Reached XP level 3. HP: 18/24 MP: 3/3
  1445 | D:2      | Noticed a bullfrog
  1457 | D:2      | Killed a bullfrog
  1457 | D:2      | Reached XP level 4. HP: 8/30 MP: 4/4
  1842 | D:2      | Reached XP level 5. HP: 27/34 MP: 5/5
  2203 | D:2      | Reached ** piety under Trog
  2618 | D:2      | You fall through a shaft for 2 floors!
  2664 | D:4      | Slain by a gnoll

Skill      XL: |  1  2  3  4  5 |
---------------+----------------+-----
Axes           | 3 4 |  4.4
Fighting       | 4 |  4.5
Dodging        | 2 |  2.4
Armour         | |  2.6
Stealth        | |  0.9

Action                   |  1- 3 |  4- 6 || total
-------------------------+-------+-------++-------
Melee: Hand axe          |    92 |    74 ||   166
Invok: Berserk           |     2 |     1 ||     3
  Eat: Chunk             |     3 |     5 ||     8
Armor: Animal skin       |    34 |    52 ||    86
Dodge: Dodged            |    79 |    56 ||   135
